 Dungeon Crawl Stone Soup version 0.31.0-1-g2c135a0 (webtiles) character file.

Game seed: 3513856720737563791

3033 smazza the Magician (level 9, 0/71 HPs)
             Began as a Gnoll Warper on Mar 20, 2024.
             Was a Believer of Okawaru.
             Slain by a komodo dragon (25 damage)
             ... on level 8 of the Dungeon.
             The game lasted 00:38:35 (8581 turns).

smazza the Magician (Gnoll Warper)                  Turns: 8581, Time: 00:38:35

Health: 0/71       AC: 15    Str: 16    XL:     9   Next: 86%
Magic:  21/28      EV: 14    Int: 17    God:    Okawaru [**....]
Gold:   160        SH:  0    Dex: 12    Spells: 3/22 levels left

rFire   . . .        a - +0 falchion (protect)
rCold   . . .        (no shield)
rNeg    . . .        m - +3 leather armour
rPois   .            (no helmet)
rElec   .            y - +0 cloak
rCorr   .            (no gloves)
SInv    .            (no boots)
Will    .....        (no amulet)
Stlth   ++           f - +6 ring of strength
HPRegen 0.31/turn    j - ring of magical power
MPRegen 0.21/turn

%: no passive effects
@: under a protective aura, very slightly contaminated
A: fangs 1, strong nose, distributed training
a: Renounce Religion, Heroism


You were on level 8 of the Dungeon.
You worshipped Okawaru.
Okawaru was pleased with you.
You visited 2 branches of the dungeon, and saw 9 of its levels.

You collected 258 gold pieces.
You spent 98 gold pieces at shops.

Inventory:

Hand Weapons
 a - a +0 falchion of protection (weapon)
 A - a +0 sling
 H - a +0 spear of freezing
 K - a +4 short sword
 O - a +3 great sword of freezing
Missiles
 d - 7 darts of dispersal (quivered)
 g - 9 atropa-tipped darts
 i - 4 poisoned darts
 B - 69 stones
 M - a curare-tipped dart
Armour
 m - a +3 leather armour (worn)
 y - a +0 cloak (worn)
 L - a +0 leather armour of willpower
 R - +0 steam dragon scales
Magical Staves
 D - a staff of conjuration
Jewellery
 f - a +6 ring of strength (left hand)
 j - a ring of magical power (right hand)
 q - a ring of protection from cold
 u - a ring of ice
 w - a ring of willpower
 J - a ring of fire
 Q - a ring of willpower
Talismans
 e - a flux talisman
 G - a blade talisman
Wands
 p - a wand of flame (13)
 v - a wand of charming (29)
 N - a wand of mindburst (6)
Scrolls
 c - a scroll of blinking
 k - 3 scrolls of teleportation
 l - a scroll of vulnerability
 r - a scroll of fear
 s - 2 scrolls of immolation
 S - a scroll of amnesia
Potions
 b - a potion of ambrosia
 h - 2 potions of lignification
 n - 2 potions of mutation
 o - 5 potions of haste
 t - 2 potions of brilliance
 x - a potion of might
 z - a potion of berserk rage
 C - a potion of enlightenment
 E - a potion of curing
 F - a potion of heal wounds {unknown}
 I - a potion of attraction {unknown}
 P - a potion of resistance


   Skills:
 + Level 6.7 Fighting
 + Level 4.8 Short Blades
 + Level 6.7 Long Blades
 + Level 4.8 Axes
 + Level 4.8 Maces & Flails
 + Level 4.8 Polearms
 + Level 4.8 Staves
 + Level 4.8 Ranged Weapons
 + Level 5.5 Throwing
 + Level 5.5 Armour
 + Level 6.7 Dodging
 + Level 4.8 Stealth
 + Level 4.8 Shields
 + Level 4.8 Unarmed Combat
 + Level 7.0 Spellcasting
 + Level 4.0 Conjurations
 + Level 4.0 Hexes
 + Level 4.0 Summonings
 + Level 4.0 Necromancy
 + Level 6.8 Translocations
 + Level 4.0 Fire Magic
 + Level 4.0 Ice Magic
 + Level 4.0 Air Magic
 + Level 4.0 Earth Magic
 + Level 4.0 Alchemy
 + Level 5.3 Invocations
 + Level 4.8 Evocations
 + Level 4.4 Shapeshifting


You had 3 spell levels left.
You knew the following spells:

 Your Spells              Type           Power      Damage    Failure   Level
a - Blink                 Tloc           58%        N/A       1%          2
b - Lesser Beckoning      Tloc           58%        N/A       1%          2
c - Teleport Other        Tloc           29%        N/A       2%          3
d - Mercury Vapours       Alch/Air       38%        N/A       4%          2
e - Volatile Blastmotes   Fire/Tloc      48%        2d14      4%          3
f - Manifold Assault      Tloc           29%        N/A       9%          4
g - Mephitic Cloud        Conj/Alch/Air  19%        N/A       8%          3

Your spell library contained the following spells:

 Spells                   Type           Power      Damage    Failure   Level
 Momentum Strike          Conj/Tloc      48%        3d9       2%          2
 Ensorcelled Hibernation  Hex/Ice        38%        N/A       4%          2
 Dazzling Flash           Conj/Hex       38%        N/A       8%          3
 Fugue of the Fallen      Necr           19%        N/A       8%          3
 Vhi's Electric Charge    Tloc/Air       48%        N/A       14%         4
 Anguish                  Hex/Necr       9%         N/A       26%         4
 Freezing Cloud           Conj/Ice/Air   9%         6-21      58%         5
 Starburst                Conj/Fire      9%         6d5       99%         6
 Maxwell's Capacitive Co  Air            9%         ∞         100%        8


Dungeon Overview and Level Annotations

Branches:
Dungeon (8/15)             Temple (1/1) D:6
   Lair: D:8-11

Altars:
Ashenzari
Cheibriados
Elyvilon
Fedhas
Hepliaklqana
Kikubaaqudgha
Nemelex Xobeh
Okawaru
Qazlal
Sif Muna
Trog
Uskayaw
Wu Jian
Xom
Yredelemnul
Zin

Shops:
D:3 ?

Annotations:
D:4 1 transporter


Innate Abilities, Weirdness & Mutations

You have very sharp teeth.
Your uncanny sense of smell can sniff out nearby items.
Your experience applies equally to all skills.


Message History

Confirm with . or Enter, or press ? or * to list all spells.
Aiming: Mephitic Cloud (dangerous; 8% risk of failure)
Press: ? - help, Shift-Dir - straight line, f/p - komodo dragon
Aim: a komodo dragon (lightly wounded, very poisoned, weak, chance to affect: 62%)
You miscast Mephitic Cloud.
You are very lightly contaminated with residual magic.
Nothing appears to happen.
Casting: Mephitic Cloud (dangerous; 8% risk of failure)
Confirm with . or Enter, or press ? or * to list all spells.
Aiming: Mephitic Cloud (dangerous; 8% risk of failure)
Press: ? - help, Shift-Dir - straight line, f/p - komodo dragon
Aim: a komodo dragon (lightly wounded, very poisoned, weak, chance to affect: 62%)
Okay, then.
You hit the komodo dragon.
Your weapon exudes an aura of protection.
The komodo dragon is lightly wounded.
The komodo dragon barely misses you.
You hit the komodo dragon but do no damage.
The komodo dragon is moderately wounded.
The komodo dragon closely misses you.
You hit the komodo dragon.
The komodo dragon is moderately wounded.
The komodo dragon hisses menacingly.
The komodo dragon misses you.
You hit the komodo dragon.
The komodo dragon is heavily wounded.
The komodo dragon is no longer weakened.
The komodo dragon bites you!!
You hit the komodo dragon but do no damage.
The komodo dragon is heavily wounded.
The komodo dragon bites you!!
Unknown command.
Casting: Mephitic Cloud (dangerous; 8% risk of failure)
Confirm with . or Enter, or press ? or * to list all spells.
Aiming: Mercury Vapours (safe; 4% risk of failure)
Press: ? - help, Dir - move target, f/p - komodo dragon
Aim: a komodo dragon (heavily wounded, poisoned, chance to weaken: 42%) Fumes of mercury billow around the komodo dragon!
The komodo dragon looks even sicker.
The komodo dragon bites you!!
You die...

∆ #.#. .#.##
#...# #...#
#...#####
#.<....# #..###.#
# #...##.#.#####
#.....@l......
#......##.#.##.##
#.##.#.##.# # #
#......# .##.####
#. #.# #. #.# ..#


You could see a komodo dragon (very poisoned).

Vanquished Creatures
  Maggie (D:7)
  A steam dragon (D:7)
  A water moccasin (D:7)
  2 sky beasts (D:7)
  2 black bears
  3 ogres (D:6)
  2 phantoms
  3 bullfrogs
  A kobold brigand (D:6)
  7 scorpions
  8 wights
  A howler monkey (D:7)
  A bombardier beetle (D:5)
  A gnoll bouda (D:7)
  5 jellies
  4 hounds
  2 orc priests
  An iguana (D:5)
  Terence (D:2)
  Natasha (D:2)
  5 gnolls
  7 adders
  A white imp (D:7)
  8 ufetubi
  A dart slug (D:2)
  A ribbon worm (D:2)
  18 orcs
  4 bats
  3 endoplasms
  3 goblins
  9 hobgoblins
  11 jackals
  4 quokkas
  3 ball pythons
  2 frilled lizards (D:3)
  9 kobolds
  A rat (D:1)
  A butterfly (D:6)
139 creatures vanquished.

Vanquished Creatures (collateral kills)
  A hound (D:4)
  An orc (D:4)
  A ball python (D:4)
3 creatures vanquished.

Vanquished Creatures (others)
  A gnoll (D:7)
1 creature vanquished.

Grand Total: 143 creatures vanquished

Notes
Turn   | Place    | Note
-------+----------+-------------------------------------------
     0 | D:1      | smazza the Gnoll Warper began the quest for the Orb.
     0 | D:1      | Reached XP level 1. HP: 20/20 MP: 6/6
   322 | D:1      | Reached XP level 2. HP: 16/26 MP: 7/7
   582 | D:1      | Learned a level 2 spell: Blink
  1284 | D:2      | Reached skill level 5 in Spellcasting
  1284 | D:2      | Reached XP level 3. HP: 27/31 MP: 7/9
  1457 | D:2      | Found a shimmering blue altar of Sif Muna.
  1542 | D:2      | Noticed Natasha
  1555 | D:2      | Killed Natasha
  1556 | D:2      | Reached skill level 1 in Short Blades
  1556 | D:2      | Reached skill level 1 in Axes
  1556 | D:2      | Reached skill level 1 in Maces & Flails
  1556 | D:2      | Reached skill level 1 in Polearms
  1556 | D:2      | Reached skill level 1 in Staves
  1556 | D:2      | Reached skill level 1 in Ranged Weapons
  1556 | D:2      | Reached skill level 1 in Stealth
  1556 | D:2      | Reached skill level 1 in Shields
  1556 | D:2      | Reached skill level 1 in Unarmed Combat
  1556 | D:2      | Reached skill level 1 in Invocations
  1556 | D:2      | Reached skill level 1 in Evocations
  1635 | D:2      | Reached skill level 1 in Shapeshifting
  1635 | D:2      | Reached XP level 4. HP: 35/38 MP: 11/11
  1846 | D:2      | Noticed Terence
  1868 | D:2      | Killed Terence
  1869 | D:2      | Reached skill level 1 in Conjurations
  1869 | D:2      | Reached skill level 1 in Hexes
  1869 | D:2      | Reached skill level 1 in Summonings
  1869 | D:2      | Reached skill level 1 in Necromancy
  1869 | D:2      | Reached skill level 1 in Fire Magic
  1869 | D:2      | Reached skill level 1 in Ice Magic
  1869 | D:2      | Reached skill level 1 in Air Magic
  1869 | D:2      | Reached skill level 1 in Earth Magic
  1869 | D:2      | Reached skill level 1 in Alchemy
  2011 | D:2      | Learned a level 2 spell: Lesser Beckoning
  2015 | D:2      | Learned a level 3 spell: Teleport Other
  2257 | D:3      | Reached XP level 5. HP: 43/43 MP: 12/12
  2474 | D:3      | Found Rymehytz's Magic Scroll Shoppe.
  2530 | D:3      | Bought a scroll of fear for 56 gold pieces
  2530 | D:3      | Bought a scroll of teleportation for 42 gold pieces
  3260 | D:4      | Reached XP level 6. HP: 49/50 MP: 13/13
  3641 | D:4      | Found a sparkling altar of Nemelex Xobeh.
  3641 | D:4      | Found a transporter.
  3670 | D:5      | Entered Level 5 of the Dungeon
  3694 | D:5      | Noticed a black bear
  3703 | D:5      | Killed a black bear
  3704 | D:5      | Reached skill level 5 in Fighting
  3704 | D:5      | Reached skill level 5 in Long Blades
  3704 | D:5      | Reached skill level 5 in Dodging
  3707 | D:5      | Learned a level 2 spell: Mercury Vapours
  4062 | D:5      | Reached XP level 7. HP: 56/56 MP: 15/15
  5073 | D:5      | Reached XP level 8. HP: 62/63 MP: 16/16
  5297 | D:6      | Learned a level 3 spell: Volatile Blastmotes
  5507 | D:6      | Learned a level 4 spell: Manifold Assault
  5553 | D:6      | Reached skill level 6 in Spellcasting
  6058 | D:4      | Found a shimmering blue altar of Sif Muna.
  6160 | D:6      | Found a staircase to the Ecumenical Temple.
  6167 | Temple   | Entered the Ecumenical Temple
  6183 | Temple   | Became a worshipper of Warmaster Okawaru
  6664 | D:6      | Reached XP level 9. HP: 64/69 MP: 18/18
  6668 | D:6      | Learned a level 3 spell: Mephitic Cloud
  7291 | D:7      | Reached skill level 5 in Throwing
  7291 | D:7      | Reached skill level 5 in Armour
  7354 | D:7      | Reached * piety under Okawaru
  7590 | D:7      | Reached skill level 5 in Invocations
  7886 | D:7      | Reached ** piety under Okawaru
  8182 | D:7      | Noticed Maggie
  8204 | D:7      | Killed Maggie
  8205 | D:7      | Reached skill level 7 in Spellcasting
  8571 | D:8      | Noticed a komodo dragon
  8581 | D:8      | Slain by a komodo dragon

Illustrated notes

Levels and vault maps discovered:
D:1:      dpeg_arrival_rooms_a, layout_basic, dreamdust_princess_bridge,
          serial_bayou_pond_a, hangedman_decor_lopped, minmay_misc_feat_chi,
          st_stairs_5
D:2:      layout_loops_corners, basic_altar, minmay_split_cup_large,
          uniq_terence, uniq_natasha
D:3:      layout_basic, serial_shops, nicolae_shop_just_a_little_nook
D:4:      layout_cave_pools, grunt_nemelex_the_gamble, marbit_many_paths
D:5:      kennysheep_six_static_rooms, layout_loops_corners,
          kennysheep_generic_room_16
D:6:      layout_layer_cave, minmay_temple_entry_butterflies
D:7:      layout_basic, uniq_maggie
D:8:      layout_loops_cross, nicolae_vehumet_altar_sigil
Temple:   nicolae_temple_great_sept

Skill      XL: |  1  2  3  4  5  6  7  8  9 |
---------------+----------------------------+-----
Spellcasting   | 5 6 7 |  7.0
Short Blades   | 1 2 3 4 |  4.8
Axes           | 1 2 3 4 |  4.8
Maces & Flails | 1 2 3 4 |  4.8
Polearms       | 1 2 3 4 |  4.8
Staves         | 1 2 3 4 |  4.8
Ranged Weapons | 1 2 3 4 |  4.8
Stealth        | 1 2 3 4 |  4.8
Shields        | 1 2 3 4 |  4.8
Unarmed Combat | 1 2 3 4 |  4.8
Invocations    | 1 2 3 4 5 |  5.3
Evocations     | 1 2 3 4 |  4.8
Shapeshifting  | 1 2 3 4 |  4.4
Conjurations   | 1 2 3 4 |  4.0
Hexes          | 1 2 3 4 |  4.0
Summonings     | 1 2 3 4 |  4.0
Necromancy     | 1 2 3 4 |  4.0
Fire Magic     | 1 2 3 4 |  4.0
Ice Magic      | 1 2 3 4 |  4.0
Air Magic      | 1 2 3 4 |  4.0
Earth Magic    | 1 2 3 4 |  4.0
Alchemy        | 1 2 3 4 |  4.0
Throwing       | 3 4 5 |  5.5
Armour         | 3 4 5 |  5.5
Fighting       | 5 6 |  6.7
Long Blades    | 5 6 |  6.7
Dodging        | 5 6 |  6.7
Translocations | 6 |  6.8

Action                     |  1- 3 |  4- 6 |  7- 9 || total
---------------------------+-------+-------+-------++-------
  Melee: Falchion          |   116 |   193 |   497 ||   806
         Bite              |    15 |    17 |    77 ||   109
         Punch             |     3 |     3 |     8 ||    14
   Cast: Blink             |     1 |       |       ||     1
         Mercury Vapours   |       |     4 |    58 ||    62
         Manifold Assault  |       |       |     7 ||     7
         Volatile Blastmot |       |       |     4 ||     4
         Mephitic Cloud    |       |       |     1 ||     1
  Evoke: Wand              |       |     4 |     4 ||     8
    Use: Scroll            |     2 |     7 |     8 ||    17
         Potion            |       |       |     1 ||     1
   Stab: Sleeping          |     1 |       |     4 ||     5
 Armour: Leather armour    |    63 |   123 |   323 ||   509
  Dodge: Dodged            |    72 |   160 |   448 ||   680
